Map: Prion Terraces

Players

Toons

  • Race: Protoss Protoss
  • League: Gold

ThinkMV - Winner!

  • Race: Terran Terran
  • League: Platinum

VOD

Have the link to the VOD?

Description

Time

  • Played on: Jan. 30, 2016, 10:05 p.m.
  • Length: 4:30
Show
View Real Time Build Order
Export as new Build Order

Toons Protoss 

Build Orders: 1 Gate Expand 

Get SALT Encoding   

  12  0:01  Probe (Chrono Boost)  
  13  0:12  Probe (Chrono Boost)  
  14  0:18  Pylon  
  14  0:22  Probe (Chrono Boost)  
  15  0:36  Probe (Chrono Boost)  
  15  0:39  Gateway  
  16  0:44  Assimilator  
  16  0:47  Probe (Chrono Boost)  
  17  0:58  Probe (Chrono Boost)  
  18  1:09  Probe (Chrono Boost)  
  19  1:19  Probe (Chrono Boost)  
  20  1:29  Cybernetics Core  
  21  1:32  Probe (Chrono Boost)  
  21  1:41  Nexus  
  21  1:44  Probe (Chrono Boost)  
  22  1:55  Probe (Chrono Boost)  
  22  1:58  Assimilator  
  23  2:05  Gateway  
  23  2:07  Warp Gate  
  23  2:12  Pylon  
  23  2:18  Pylon  
  23  2:31  Probe (Chrono Boost)  
  23  2:37  Adept (Chrono Boost)  
  23  2:41  Mothership Core  
  25  2:57  Adept (Chrono Boost)  
  27  3:02  Probe  
  28  3:06  Probe  
  29  3:20  Probe  
  29  3:21  Probe  
  29  3:26  Pylon  
  31  3:30  Stargate  
  31  3:36  Probe  
  31  3:37  Probe  
  31  3:40  Adept (Chrono Boost)  
  35  3:46  Adept (Chrono Boost), Probe  
  32  4:17  Probe  
Show
View Real Time Build Order
Export as new Build Order

ThinkMV Terran - Winner!

Build Orders:  

Get SALT Encoding   

  12  0:01  SCV  
  13  0:16  Supply Depot  
  13  0:23  Refinery  
  13  0:25  SCV  
  14  0:37  SCV  
  15  0:50  Barracks  
  15  0:51  SCV  
  16  1:03  SCV  
  17  1:09  Refinery  
  17  1:15  Barracks  
  17  1:20  SCV  
  18  1:32  SCV  
  19  1:42  Ghost Academy  
  19  1:45  Reaper  
  20  1:49  SCV  
  22  2:04  Supply Depot  
  22  2:13  Personal Cloaking  
  21  2:23  Barracks Tech Lab  
  21  2:27  SCV  
  21  2:29  Marine  
  23  2:47  Ghost  
  25  3:01  SCV  
  26  3:14  Marine  
  26  3:16  Ghost  
  28  3:21  Engineering Bay  
  28  3:22  SCV  
  29  3:36  SCV  
  29  3:38  Marine  
  31  3:54  Supply Depot  
Tags
 
Add a new tag
Caveats
  • Supply blocks, unpowered buildings, or Contaminate may cause inaccurate times.
  • Supply counts are checked every 10 seconds.